 Dungeon Crawl Stone Soup version 0.31-a0-995-g04711c9635 (webtiles) character file.

Game seed: 14381638987337980555

47115 Jannitor the Thaumaturge (level 14, -11/51 (65) HPs)
             Began as a Deep Elf Delver on Nov 5, 2023.
             Was a High Priest of Hepliaklqana.
             Mangled by a minotaur
             ... wielding the +7 great mace "Undertaker" {flame, rPois rCorr}
              (31 damage)
             ... in a Gauntlet on Nov 6, 2023.
             The game lasted 01:01:09 (18422 turns).

Jannitor the Thaumaturge (Deep Elf Delver)         Turns: 18422, Time: 01:01:09

HP:   -11/51 (65)   AC: 16    Str: 13 (15) XL:     14   Next: 7%
MP:   32/33         EV: 16    Int: 18 (21) God:    Hepliaklqana [*****.]
Gold: 960           SH:  0    Dex: 14 (16) Spells: 20/40 levels left

rFire   . . .        z - staff "Gueb" {rElec rPois rC- Str+3 Conj Air}
rCold   + . .        (no shield)
rNeg    . . .        m - +3 leather armour {rC+}
rPois   +            (no helmet)
rElec   +            L - +1 cloak {Will+}
rCorr   +            y - +1 pair of gloves {Str+3}
SInv    .            s - +2 pair of boots {Fly}
Will    +++..        f - amulet "Oheober" {rPois rC+ Regen+}
Stlth   +++          o - ring of resist corrosion
HPRegen 1.08/turn    K - ring of willpower
MPRegen 0.23/turn

%: no teleportation
@: attractive, flying, heavily drained
A: reduced essence, iridescent scales 1, frail 1, poison resistance
a: Renounce Religion, Recall Ancestor, Ancestor Identity, Transference, Idealise


You were in a Gauntlet.
You worshipped Hepliaklqana.
Hepliaklqana was extremely pleased with you.
You visited 2 branches of the dungeon, and saw 14 of its levels.
You also visited: Gauntlet and Volcano.

You collected 960 gold pieces.

Inventory:

Hand Weapons
 T - a +1 quarterstaff of flaming
Armour
 e - an orb of guile
 m - a +3 leather armour of cold resistance (worn)
 s - a +2 pair of boots of flying (worn)
 u - a +0 buckler
 y - a +1 pair of gloves of strength (worn)
 C - +0 steam dragon scales
 L - a +1 cloak of willpower (worn)
 O - a +2 leather armour of fire resistance
Magical Staves
 j - the staff of Youthful Indiscretion {Contam rPois rC+ Will+++ Earth}
   (You found it on level 3 of the Dungeon)

   [staff of earth]

   Base accuracy: +5 Base damage: 5 Base attack delay: 1.2 This weapon's minimum
   attack delay (0.6) is reached at skill level 12.
   rC+:       It protects you from cold.
   rPois:     It protects you from poison Will+++: It greatly increases your
   willpower.
   Contam:    It causes magical contamination when unequipped.
   Earth:     It increases the power of your Earth spells.
   It falls into the 'Staves' category.
   It is a one-handed weapon.
 z - the staff "Gueb" (weapon) {rElec rPois rC- Str+3 Conj Air}
   (You found it on level 9 of the Dungeon)

   [staff of air]

   Base accuracy: +5 Base damage: 5 Base attack delay: 1.2 This weapon's minimum
   attack delay (0.6) is reached at skill level 12.
   Str+3:     It affects your strength (+3).
   rC-:       It makes you vulnerable to cold.
   rElec:     It insulates you from electricity.
   rPois:     It protects you from poison Conj: It increases the power of your
   Conjurations spells.
   Air:       It increases the power of your Air spells.
   It falls into the 'Staves' category.
   It is a one-handed weapon.
Jewellery
 f - the amulet "Oheober" (around neck) {rPois rC+ Regen+}
   (You found it in a Gauntlet)

   [amulet of regeneration]

   rC+:       It protects you from cold.
   rPois:     It protects you from poison Regen+: It increases your rate of
   health regeneration.
 o - a ring of resist corrosion (left hand)
 K - a ring of willpower (right hand)
 M - a +5 ring of evasion
 P - a ring of flight
Wands
 g - a wand of digging (10)
 k - a wand of iceblast (1)
 w - a wand of polymorph (15)
 B - a wand of flame (19)
 I - a wand of quicksilver (18)
 Q - a wand of paralysis (6)
Scrolls
 a - a scroll of silence
 c - 6 scrolls of fog
 d - a scroll of revelation
 l - a scroll of fear
 t - a scroll of torment
 v - 2 scrolls of amnesia
 F - 3 scrolls of noise
Potions
 h - 4 potions of might
 n - 3 potions of curing
 q - 7 potions of brilliance
 r - a potion of resistance
 x - 2 potions of enlightenment
 D - a potion of heal wounds
Miscellaneous
 E - a phantom mirror (inert)


   Skills:
 + Level 7.3 Fighting
 - Level 2.6 Short Blades
 + Level 7.9 Staves
 - Level 5.1 Armour
 + Level 9.8 Dodging
 - Level 6.5 Stealth
 + Level 13.6 Spellcasting
 - Level 1.6 Conjurations
 + Level 10.4 Air Magic
 - Level 8.5 Earth Magic
 + Level 0.0 Invocations
 + Level 5.9 Evocations


You had 20 spell levels left.
You knew the following spells:

 Your Spells              Type           Power      Damage    Failure   Level
a - Static Discharge      Conj/Air       100%       3-8/arc   1%          2
b - Airstrike             Air            33%        2d(5-21)  1%          4
c - Lee's Rapid Deconstr  Erth           21%        3d12*     5%          5
d - Stone Arrow           Conj/Erth      90%        3d12      2%          3
e - Cigotuvi's Dreadful   Necr/Pois/Air  74%        N/A       2%          2
f - Summon Lightning Spi  Summ/Air       46%        N/A       8%          4

Your spell library contained the following spells:

 Spells                   Type           Power      Damage    Failure   Level
 Sublimation of Blood     Necr           12%        N/A       11%         2
 Wereblood                Tmut           12%        N/A       11%         2
 Animate Armour           Summ/Erth      54%        N/A       12%         4
 Dazzling Flash           Conj/Hex       44%        N/A       14%         3
 Volatile Blastmotes      Fire/Tloc      24%        2d12      21%         3
 Anguish                  Hex/Necr       6%         N/A       56%         4
 Cause Fear               Hex            6%         N/A       56%         4
 Dispel Undead            Necr           12%        3d9       56%         4
 Maxwell's Capacitive Co  Air            33%        ∞         99%         8
 Death Channel            Necr           6%         N/A       100%        6
 Starburst                Conj/Fire      11%        6d5       100%        6
 Enfeeble                 Hex            6%         N/A       100%        7
 Summon Hydra             Summ           6%         N/A       100%        7
 Lehudib's Crystal Spear  Conj/Erth      22%        10d6      100%        8


Dungeon Overview and Level Annotations

Branches:
Dungeon (12/15)            Temple (0/1) D:6            Lair (2/5) D:10
    Orc (0/2) D:12        Volcano (visited)         Gauntlet (1/1)
  Swamp: Lair:2-3    Shoals: Lair:2-3     Snake: Lair:2-3    Spider: Lair:2-3

Altars:
Fedhas
Hepliaklqana
Kikubaaqudgha
Makhleb
Nemelex Xobeh
Sif Muna
Vehumet
Yredelemnul

Shops:
D:5 (   D:10 =

Annotations:
D:4 1 runed translucent door, exclusion: black bear
D:5 Sigmund
D:6 exclusion: statue
D:12 3 runed translucent doors, Tinttamiau's ghost, journeyman DjEE
Lair:2 Fannar Gauntlet 4 transporters


Innate Abilities, Weirdness & Mutations

Your life essence is reduced to manifest your ancestor. (-10% HP)
You are partially covered in iridescent scales. (AC +2)
You are frail. (-10% HP)
Your system is resistant to poisons. (rPois)


Message History

* * * LOW HITPOINT WARNING * * *
Okay, then.
Unknown command.
Okay, then.
Okay, then.
Unknown command.
Okay, then.
Unknown command.
Unknown command.
Okay, then.
Unknown command.
Okay, then.
Unknown command.
Unknown command.
Casting: Lee's Rapid Deconstruction (dangerous; 5% risk of failure)
Confirm with . or Enter, or press ? or * to list all spells.
Okay, then.
Unknown command.
Casting: Lee's Rapid Deconstruction (dangerous; 5% risk of failure)
Confirm with . or Enter, or press ? or * to list all spells.
You feel a surge of power!
A part of your flesh rots into a cloud of miasma!
You feel drained.
The minotaur hits you but does no damage.
The minotaur closely misses you.
The minotaur throws a silver javelin.
The silver javelin closely misses you. The minotaur is attracted toward you.
Okay, then.
Unknown command.
Unknown command.
Press: ? - help, v - describe, . - travel
Here: a minotaur, wielding the +7 great mace "Undertaker" {flame, rPois rCorr}, wearing the +1 chain mail of Vlad {rElec rF- Will+++ Stlth+}, wearing the ring "Binighal" {Fly rC+} and quivering silver javelins (foul pestilence, lightly wounded)
The floor, spattered with blood.
Unknown command.
Unknown command.
You feel better.
The minotaur is engulfed in dark miasma.
The minotaur hits you with the +7 great mace "Undertaker" {flame, rPois rCorr}!!
Ouch! That really hurt!
You die...

≈≈≈≈≈ ≈∩≈ ... ###.### #.§...#
#######'####### #.....§.......#
#.###H###8###.# #.###@###.###
#............ ###.###.###.#
#####.###.###.#####
##≈...............≈##
#≈≈..8©8©8©8©8©8..≈≈#
##≈...............≈# ### ###
################### ###
##≈###≈###.................###≈##


You could see a minotaur.

Vanquished Creatures
  A fire dragon (Volcano)
  A hydra (D:9)
  A boulder beetle (D:8)
  3 two-headed ogres (D:9)
  4 sun demons (Volcano)
  Pikel (D:6)
  2 deep elf pyromancers
  An ugly thing (D:9)
  A cyclops (D:9)
  A manticore (D:9)
  Joseph (D:8)
  Maurice (D:8)
  3 smoke demons (Volcano)
  4 cane toads
  2 kobold demonologists
  2 komodo dragons (Lair:2)
  A polar bear (Lair:1)
  A troll (D:10)
  A hornet (D:9)
  Prince Ribbit (D:8)
  A shadow (D:11)
  A vampire (D:10)
  18 yaks
  2 wyverns
  3 basilisks
  Grum (D:8)
  2 golden eyes (Gauntlet)
  4 vampire mosquitoes
  5 steam dragons
  Menkaure (D:4)
  Edmund (D:5)
  5 water moccasins
  A hell hound (Volcano)
  A swamp drake (D:10)
  4 orc warriors
  An ice beast (D:8)
  A black bear (Lair:1)
  4 centaurs
  5 wolves
  2 phantoms (D:6)
  3 kobold brigands
  6 bullfrogs
  3 wights (D:7)
  Dowan (D:5)
  2 killer bees (D:8)
  An electric eel (Lair:2)
  3 howler monkeys
  A centaur zombie (D:7)
  A bullfrog zombie (D:7)
  2 hounds
  3 orc priests
  2 jellies (D:6)
  8 orc wizards
  2 iguanas (D:7)
  A killer bee zombie (D:7)
  4 adders
  A shadow imp (D:6)
  2 white imps
  An ufetubus (D:6)
  2 dart slugs
  22 orcs
  7 ball pythons
  4 bats
  6 endoplasms
  7 giant cockroaches
  8 hobgoblins
  8 jackals
  3 quokkas
  3 frilled lizards (D:1)
  3 goblins (D:2)
  15 kobolds
  3 rats
234 creatures vanquished.

Vanquished Creatures (collateral kills)
  A manticore (D:11)
  An eye of devastation (Gauntlet)
  A smoke demon (Volcano)
  A hornet (D:9)
  A polar bear (Lair:2)
  A shadow (D:12)
  2 wyverns
  10 yaks
  A basilisk (D:10)
  2 steam dragons
  A vampire mosquito (D:10)
  Duvessa (D:5)
  2 water moccasins
  A hell hound (Volcano)
  3 orc warriors
  3 black bears (D:6)
  An ogre (D:6)
  A wolf (D:8)
  A lemure (D:6)
  2 centaurs (D:8)
  A phantom (D:5)
  2 kobold brigands (D:11)
  3 bullfrogs
  A wyvern zombie (D:7)
  3 wights
  2 killer bees (D:8)
  A howler monkey (D:9)
  A human zombie (D:4)
  2 centaur zombies (D:7)
  A hound (D:7)
  A jelly (D:4)
  2 orc priests
  2 iguanas
  4 orc wizards
  A killer bee zombie (D:7)
  2 adders
  A shadow imp (D:7)
  A white imp (D:6)
  21 orcs
  4 ball pythons
  6 goblins
  2 jackals
  8 kobolds
  3 frilled lizards
  2 rats (D:2)
114 creatures vanquished.

Vanquished Creatures (others)
  5 knights
  An ufetubus (D:6)
  An ancestor (D:2)
7 creatures vanquished.

Grand Total: 355 creatures vanquished

Notes
Turn   | Place    | Note
-------+----------+-------------------------------------------
     0 | D:5      | Jannitor the Deep Elf Delver began the quest for the Orb.
     0 | D:5      | Reached XP level 1. HP: 13/13 MP: 3/3
    23 | D:5      | Found a hazy altar of Hepliaklqana.
    30 | D:5      | Became a worshipper of Hepliaklqana the Forgotten
    89 | D:5      | Noticed an orc wizard
   127 | D:4      | Noticed an orc priest
   289 | D:3      | Reached XP level 2. HP: 18/18 MP: 4/4
   484 | D:2      | Reached * piety under Hepliaklqana
   656 | D:2      | Reached XP level 3. HP: 19/19 MP: 6/6
   743 | D:1      | Reached skill level 1 in Spellcasting
  1254 | D:1      | Learned a level 2 spell: Static Discharge
  1822 | D:3      | Reached XP level 4. HP: 24/24 MP: 8/8
  1950 | D:3      | Reached ** piety under Hepliaklqana
  1951 | D:3      | Remembered your ancestor Wieske as a knight
  2022 | D:3      | Identified the staff of Youthful Indiscretion {Contam rPois
                  | rC+ Will+++ Earth}
  2326 | D:4      | Reached skill level 2 in Spellcasting
  2326 | D:4      | Reached skill level 1 in Conjurations
  2326 | D:4      | Reached skill level 1 in Air Magic
  2357 | D:4      | Reached XP level 5. HP: 28/28 MP: 10/10
  2383 | D:4      | Learned a level 4 spell: Airstrike
  2563 | D:4      | Reached skill level 3 in Spellcasting
  2579 | D:4      | Noticed a black bear
  2710 | D:4      | Noticed Menkaure
  2723 | D:4      | Killed Menkaure
  2724 | D:4      | Reached skill level 4 in Spellcasting
  2724 | D:4      | Reached XP level 6. HP: 33/33 MP: 10/14
  2941 | D:4      | Found a runed translucent door.
  2941 | D:4      | Noticed a human
  2943 | D:4      | Found a basalt altar of Yredelemnul.
  3309 | D:5      | Noticed Edmund
  3321 | D:5      | Killed Edmund
  3322 | D:5      | Reached skill level 5 in Spellcasting
  3415 | D:5      | Reached XP level 7. HP: 30/36 MP: 3/17
  3563 | D:5      | Noticed Duvessa
  3615 | D:5      | Found a shimmering blue altar of Sif Muna.
  3832 | D:5      | Reached skill level 1 in Earth Magic
  3918 | D:5      | Reached skill level 6 in Spellcasting
  4000 | D:5      | Noticed Sigmund
  4003 | D:5      | Reached *** piety under Hepliaklqana
  4034 | D:5      | Found Netet's Weapon Emporium.
  4039 | D:5      | Noticed Dowan
  4072 | D:5      | Killed Duvessa
  4081 | D:5      | Killed Dowan
  4607 | D:6      | Found a burning altar of Makhleb.
  4615 | D:6      | Reached skill level 7 in Spellcasting
  4615 | D:6      | Reached skill level 5 in Air Magic
  4615 | D:6      | Reached XP level 8. HP: 41/41 MP: 20/20
  4704 | D:6      | Found a blossoming altar of Fedhas.
  4803 | D:6      | Learned a level 5 spell: Lee's Rapid Deconstruction
  4938 | D:6      | Noticed Pikel
  5366 | D:6      | Found a staircase to the Ecumenical Temple.
  5385 | D:6      | Killed Pikel
  5386 | D:6      | Reached skill level 8 in Spellcasting
  5386 | D:6      | Reached skill level 5 in Earth Magic
  5563 | D:6      | Found a radiant altar of Vehumet.
  5679 | D:6      | Reached skill level 9 in Spellcasting
  5679 | D:6      | Reached XP level 9. HP: 28/45 MP: 14/24
  6831 | D:7      | Reached skill level 1 in Staves
  7008 | D:7      | Reached skill level 1 in Armour
  7237 | D:7      | Reached **** piety under Hepliaklqana
  7861 | D:7      | HP: 2/45 [wyvern (15)]
  8047 | D:8      | Reached skill level 10 in Spellcasting
  8368 | D:8      | Reached XP level 10. HP: 45/50 MP: 10/26
  8592 | D:8      | Noticed Grum
  8594 | D:8      | Noticed Joseph
  8705 | D:8      | Killed Grum
  8808 | D:8      | Noticed Prince Ribbit
  8816 | D:8      | Killed Prince Ribbit
  8817 | D:8      | Reached skill level 5 in Dodging
  9008 | D:8      | Noticed Maurice
  9012 | D:8      | Maurice stole a ring of willpower
  9015 | D:8      | Killed Maurice
  9134 | D:8      | Killed Joseph
  9378 | D:9      | Noticed a two-headed ogre
  9385 | D:9      | Killed a two-headed ogre
  9584 | D:9      | Noticed a two-headed ogre
  9700 | D:9      | Noticed a cyclops
  9713 | D:9      | Noticed an eight-headed hydra
  9714 | D:9      | Noticed a boulder beetle
  9778 | D:8      | Killed a boulder beetle
  9779 | D:8      | Reached skill level 11 in Spellcasting
  9940 | D:9      | Reached XP level 11. HP: 55/55 MP: 19/28
  9951 | D:9      | Upgraded the game from 0.31-a0-988-g08d55dae12 to
                  | 0.31-a0-995-g04711c9635
 10270 | D:9      | Killed an eight-headed hydra
 10454 | D:9      | Noticed a purple ugly thing
 10458 | D:9      | Killed a purple ugly thing
 10459 | D:9      | Reached skill level 5 in Fighting
 10694 | D:9      | Killed a two-headed ogre
 10776 | D:9      | Found a sparkling altar of Nemelex Xobeh.
 11012 | D:9      | Reached skill level 5 in Staves
 11014 | D:9      | Noticed a two-headed ogre
 11256 | D:9      | Identified the staff "Gueb" {rElec rPois rC- Str+3 Conj
                  | Air}
 11476 | D:9      | Gained mutation: You expend magic power (3 MP) to
                  | strengthen your wands. [mutagenic glow]
 11479 | D:9      | Noticed a deep elf pyromancer
 11517 | D:9      | Killed a deep elf pyromancer
 11876 | D:9      | Killed a two-headed ogre
 12114 | D:9      | Learned a level 3 spell: Stone Arrow
 12347 | D:10     | Entered Level 10 of the Dungeon
 12405 | D:10     | Found an ancient bone altar of Kikubaaqudgha.
 12434 | D:10     | Found Hacett's Jewellery Boutique.
 12554 | D:10     | Reached skill level 1 in Evocations
 13349 | D:10     | Found a staircase to the Lair.
 13539 | D:11     | Reached ***** piety under Hepliaklqana
 13989 | D:11     | Reached skill level 12 in Spellcasting
 13989 | D:11     | Reached XP level 12. HP: 45/62 MP: 16/30
 14307 | D:11     | Learned a level 2 spell: Cigotuvi's Dreadful Rot
 14312 | D:11     | Learned a level 4 spell: Summon Lightning Spire
 14767 | D:13     | Identified the of Samuh
 14767 | Lair:1   | Entered Level 1 of the Lair of Beasts
 14770 | Lair:1   | Identified the +2 scale mail of Muttered Phrases {rC+
                  | Will++ Str+3 Int-2}
 15294 | Lair:1   | Reached skill level 5 in Armour
 15768 | Lair:2   | Found a dark tunnel.
 15774 | Volcano  | Entered a volcano
 16671 | Volcano  | Noticed a fire dragon
 16685 | Volcano  | Killed a fire dragon
 16696 | Volcano  | Identified the +2 pair of boots of Inaction {rPois Str-4
                  | Int-4 Dex+8}
 17276 | Lair:2   | Reached skill level 13 in Spellcasting
 17454 | Lair:2   | Noticed Fannar
 17699 | D:12     | Found a runed translucent gate.
 17699 | D:12     | Found a runed translucent gate.
 17699 | D:12     | Found a runed translucent gate.
 17699 | D:12     | Noticed Tinttamiau's ghost (journeyman DjEE)
 17744 | D:12     | Reached skill level 10 in Air Magic
 17754 | D:12     | HP: 2/63 [yak (13)]
 17758 | D:12     | Reached XP level 13. HP: 24/68 MP: 2/32
 17760 | D:12     | Found a gate leading to a gauntlet.
 17769 | Gauntlet | Entered a Gauntlet
 17769 | Gauntlet | Found a transporter.
 17932 | Gauntlet | Found a transporter.
 17935 | Gauntlet | Found a transporter.
 17936 | Gauntlet | Found a transporter.
 17944 | Gauntlet | Found a transporter.
 17947 | Gauntlet | Found a transporter.
 17948 | Gauntlet | Found a transporter.
 17960 | Gauntlet | Found a transporter.
 17961 | Gauntlet | Found a transporter.
 17965 | Gauntlet | Found a transporter.
 17973 | Gauntlet | Found a transporter.
 17973 | Gauntlet | Found a transporter.
 17974 | Gauntlet | Found a transporter.
 17980 | Gauntlet | Found a runed translucent gate.
 17982 | Gauntlet | Found a transporter.
 17983 | Gauntlet | Found a runed translucent gate.
 17983 | Gauntlet | Noticed a green death
 17984 | Gauntlet | Found a runed translucent gate.
 18158 | Gauntlet | Identified the amulet "Oheober" {rPois rC+ Regen+}
 18176 | Gauntlet | Reached skill level 5 in Evocations
 18402 | Gauntlet | Identified the +7 great mace "Undertaker" {flame, rPois
                  | rCorr}
 18402 | Gauntlet | Identified the +1 chain mail of Vlad {rElec rF- Will+++
                  | Stlth+}
 18402 | Gauntlet | Identified the ring "Binighal" {Fly rC+}
 18402 | Gauntlet | Noticed a minotaur
 18410 | Gauntlet | Reached XP level 14. HP: 38/66 MP: 18/33
 18414 | Gauntlet | Lost mutation: You expend magic power (3 MP) to strengthen
                  | your wands. [potion of mutation]
 18414 | Gauntlet | Gained mutation: You are partially covered in iridescent
                  | scales. (AC +2) [potion of mutation]
 18414 | Gauntlet | Gained mutation: Your system is resistant to poisons.
                  | (rPois) [potion of mutation]
 18414 | Gauntlet | Gained mutation: You are frail. (-10% HP) [potion of
                  | mutation]
 18422 | Gauntlet | Mangled by a minotaur

Illustrated notes

Levels and vault maps discovered:
D:1:      ncdulo_watergridlock, layout_basic
D:2:      layout_rooms, serial_rivers, chequers_serial_rivers_small_a,
          chequers_serial_rivers_small_a, chequers_serial_rivers_micro_d,
          chequers_serial_rivers_micro_e, chequers_serial_rivers_large_b,
          chequers_decorated_corner, minmay_misc_feat_more_columns,
          grunt_decor_arrowhead, guppyfry_early_lair_pool
D:3:      layout_basic
D:4:      layout_cave_pools, dk_yredelemnul_ordeal, uniq_menkaure
D:5:      layout_basic, lemuel_blue_sif_altar, mainiacjoe_overflow_paths,
          serial_shops, nicolae_shop_peninsula, uniq_edmund, uniq_sigmund,
          uniq_duvessa
D:6:      layout_gridville, vehumet_statue, mainiacjoe_overflow_catwalk,
          mainiacjoe_overflow_alcove_4, minmay_temple_entry_ruins,
          minmay_stone_trees_small, uniq_pikel
D:7:      layout_basic, serial_undead, serial_undead_d, serial_undead_f,
          serial_undead_d, serial_undead_c
D:8:      layout_basic, uniq_prince_ribbit1, uniq_joseph, uniq_grum,
          uniq_maurice
D:9:      minmay_the_grid_four_pointed_star_mashed
          [minmay_the_grid_triangle_9x9_shrine,
          minmay_the_grid_triangle_9x9_cache,
          minmay_the_grid_triangle_9x9_stretched_checkered,
          minmay_the_grid_triangle_9x9_corrupted_corridor,
          minmay_the_grid_prize_four_corners_diamond_b], layout_small_grid,
          nicolae_overflow_hidden_temple
D:10:     layout_basic, kiku_gazebo_pond_becter, erik_lair_dragon, serial_shops,
          nicolae_shop_gaudy_bauble
D:11:     layout_basic
D:12:     layout_stronghold, david_orc_4, ebering_ghost_rock_garden,
          gauntlet_entry_generic
Lair:1:   layout_hall_layers
Lair:2:   layout_gridlike, enter_volcano_4, minivault_27, grunt_megastairs_2,
          serial_bayou_shore_a, uniq_maggie, uniq_gastronok, uniq_fannar
Gauntlet: gammafunk_gauntlet_77_escape_option
          [minmay_gauntlet_arena_77_squiggly,
          minmay_gauntlet_arena_77_hold_the_fort,
          minmay_gauntlet_arena_77_two_lines, minmay_gauntlet_arena_77_box,
          minmay_gauntlet_arena_77_run_for_it, gauntlet_exit_watery]

Skill      XL: |  1  2  3  4  5  6  7  8  9 10 11 12 13 |
---------------+----------------------------------------+-----
Spellcasting   | 1 2 4 5 7 9 10 11 12 13 | 13.6
Dodging        | 3 4 5 7 9 |  9.8
Fighting       | 3 4 5 6 7 |  7.3
Conjurations   | 1 |  1.6
Air Magic      | 1 2 3 5 6 7 8 9 10 | 10.4
Earth Magic    | 3 5 6 7 8 |  8.5
Staves         | 2 4 5 7 |  7.9
Armour         | 2 3 4 5 |  5.1
Evocations     | 1 4 5 |  5.9
Short Blades   | |  2.6
Stealth        | |  6.5

Action                     |  1- 3 |  4- 6 |  7- 9 | 10-12 | 13-15 || total
---------------------------+-------+-------+-------+-------+-------++-------
  Melee: Short sword       |   128 |    20 |       |       |       ||   148
         Staff             |       |    28 |    44 |   120 |    21 ||   213
         Punch             |       |       |       |     1 |     1 ||     2
   Cast: Static Discharge  |       |    22 |   169 |    43 |     2 ||   236
         Airstrike         |       |       |     4 |   177 |       ||   181
         Lee's Rapid Decon |       |       |       |    31 |     4 ||    35
         Summon Lightning  |       |       |       |     5 |     2 ||     7
         Cigotuvi's Dreadf |       |       |       |     1 |     2 ||     3
 Invoke: Ancestor Identity |     1 |       |       |       |       ||     1
         Recall Ancestor   |       |     2 |     4 |    11 |     3 ||    20
         Ancestor Life: Kn |       |     1 |       |       |       ||     1
         Transference      |       |       |     1 |       |     2 ||     3
         Idealise          |       |       |       |     1 |       ||     1
  Evoke: Wand              |       |     7 |     3 |    30 |       ||    40
         Phantom mirror    |       |       |       |     1 |       ||     1
    Use: Scroll            |     1 |     6 |     1 |    11 |     3 ||    22
         Potion            |       |       |       |     4 |    11 ||    15
   Stab: Sleeping          |    20 |     3 |     3 |       |       ||    26
         Distracted        |     1 |     1 |       |       |       ||     2
         Paralysed         |       |     1 |       |       |       ||     1
 Armour: Leather armour    |    42 |    57 |   269 |   152 |    40 ||   560
         Steam dragon scal |       |       |       |    19 |       ||    19
  Dodge: Dodged            |    48 |    59 |   138 |   141 |    54 ||   440

Table legend: (Time is in decaauts)
 A = Elapsed time spent in this place.
 B = Non-inter-level travel time spent in this place.
 C = Inter-level travel time spent in this place.
 D = Time resting spent in this place.
 E = Time spent auto-exploring this place.
 F = Levels seen in this place.
 G = Mean time per level.
                   A        B        C        D        E       F      G
               +--------+--------+--------+--------+--------+-----+--------+
         Total |  18440 |  17524 |    916 |   5965 |   8065 |  16 | 1152.5 |
       Dungeon |  14982 |  14174 |    808 |   4577 |   6796 |  12 | 1248.5 |
          Lair |   1782 |   1675 |    107 |    476 |    963 |   2 |  891.0 |
       Volcano |   1036 |   1036 |      0 |    565 |    171 |   1 | 1036.0 |
      Gauntlet |    639 |    639 |      0 |    347 |    135 |   1 |  639.0 |
               +--------+--------+--------+--------+--------+-----+--------+

Top non-repeatable levels by time:
     D:8: 2291 daAuts
     D:7: 1852 daAuts
     D:6: 1818 daAuts
     D:9: 1750 daAuts
     D:5: 1489 daAuts
    D:10: 1324 daAuts
    D:11: 1185 daAuts
 Volcano: 1036 daAuts
  Lair:1: 1017 daAuts
     D:4: 899 daAuts
     D:2: 871 daAuts
     D:3: 850 daAuts
  Lair:2: 764 daAuts
Gauntlet: 639 daAuts
     D:1: 565 daAuts
